[Event "*** Titled Tuesday Blitz"]
[Site "Chess.com"]
[Date "2021.02.16"]
[Round "8"]
[White "Eliwood44"]
[Black "FredyMatsuura"]
[Result "1/2-1/2"]
[WhiteElo "2455"]
[BlackElo "2316"]
[TimeControl "180+1"]
[EndTime "11:32:11 PST"]
[Termination "Game drawn - insufficient material"]

1. d4 d5 2. c4 e6 3. Nf3 Nf6 4. Nc3 Be7 5. cxd5 exd5 6. Bg5 c6 7. e3 Nbd7 8. Bd3 Nh5 9. h4 h6 10. Bxe7 Qxe7 11. Qe2 Nb6 12. O-O-O Bg4 13. e4 Nf4 14. Qd2 Nxd3+ 15. Qxd3 dxe4 16. Nxe4 O-O-O 17. Rhe1 Qb4 18. a3 Qc4+ 19. Qxc4 Nxc4 20. Nc3 Bxf3 21. gxf3 Rhe8 22. Rxe8 Rxe8 23. d5 cxd5 24. Rxd5 Ne5 25. f4 Ng6 26. h5 Ne7 27. Re5 Kd7 28. Kc2 Nc6 29. Rd5+ Kc7 30.
Nb5+ Kb6 31. Nd6 Re7 32. Nc8+ Kc7 33. Nxe7 Nxe7 34. Re5 Kd6 35. Kd3 Nd5 36. Ke4 Ne7 37. Ra5 a6 38. Ra4 f5+ 39. Ke3 Nd5+ 40. Kf3 Nf6 41. Rb4 b5 42. a4 Kc5 43. Rb3 bxa4 44.
Rb7 Nxh5 45. Ra7 Kb6 46. Rf7 Nf6 47. Rxg7 Ne4 48. Rg6+ Kb5 49. Rxh6 Nd2+ 50. Ke2 Nc4 51. Rf6 Nxb2 52. Rxf5+ Kb4 53. Kd2 a3 54. Kc2 Na4 55. Rf8 Nc3 56. Rb8+ Nb5 57. Rh8 Kc4 58. f5 Kd5 59.
Re8 Nd4+ 60. Kb1 Nxf5 61. Ka2 Nd6 62. Re2 Kd4 63. Kxa3 Ne4 64. Ka4 Kd3 65. Re3+ Kd4 66. Ka5 Nxf2 67. Re8 Nd3 68. Kxa6 Nc5+ 69. Kb6 Ne4 70. Kc7 Kd5 71. Rd8+ Ke5 72. Kc6 Nf6 73. Rh8 Ne4 74. Rh5+ Kd4 75. Ra5 Nc3 76. Kd6 Ne4+ 77.
Ke6 Nc5+ 78. Kf5 Nd3 79. Ra4+ Kd5 80. Rh4 Nc5 81. Rh8 Kc4 82. Rc8 Kd5 83. Rd8+ Kc4 84. Ke5 Nd3+ 85. Ke4 Nc5+ 86. Ke3 Ne6 87. Rd6 Nc5 88.
Rd4+ Kb5 89. Rh4 Kc6 90. Kd4 Ne6+ 91. Ke5 Nc5 92. Rc4 Kb5 93. Rc2 Nd3+ 94. Kd5 Nb4+ 95. Kd6 Nxc2 1/2-1/2

[Event "*** Titled Tuesday Blitz"]
[Site "Chess.com"]
[Date "2021.02.16"]
[Round "8"]
[White "Genghis_K"]
[Black "lachesisQ"]
[Result "1/2-1/2"]
[WhiteElo "2915"]
[BlackElo "3050"]
[TimeControl "180+1"]
[EndTime "11:33:02 PST"]
[Termination "Game drawn by 50-move rule"]

1. e4 e6 2. d4 d5 3. Nd2 c5 4. Ngf3 cxd4 5. Nxd4 Nc6 6. Nxc6 bxc6 7. Bd3 Qc7 8. Qe2 Bd6 9. Nf3 dxe4 10. Qxe4 Nf6 11. Qh4 Bb7 12. Bg5 c5 13. Bxf6 gxf6 14. Qxf6 Rg8 15. Bb5+ Bc6 16. Bxc6+ Qxc6 17. O-O Rg6 18. Qc3 Ke7 19. g3 h5 20. Rad1 Rag8 21. Qe3 Rf6 22. Nd2 Rg4 23. h3 Rh4 24. Rfe1 Rg6 25. Ne4 Bxg3 26. fxg3 Rxh3 27. Qxc5+ Qxc5+ 28. Nxc5 Rhxg3+ 29. Kf2 Rg2+ 30. Ke3 R6g3+ 31. Kd4 Rxc2 32. Nd3 h4 33. Rc1 Rg4+ 34. Re4 Rcg2 35. Rc7+ Ke8 36. Ne5 Rxe4+ 37. Kxe4 f6 38. Nf3 h3 39. Rxa7 Rxb2 40. Rh7 Rxa2 41. Rxh3 Ke7 42. Rh7+ Kd6 43. Rb7 Ra4+ 44. Ke3 e5 45.
Rb3 Ke6 46. Nd2 Kf5 47. Rb1 Rh4 48. Rf1+ Ke6 49. Ne4 f5 50. Ng5+ Kf6 51. Nf3 Re4+ 52. Kf2 Ra4 53. Rc1 Ra2+ 54. Ke3 f4+ 55. Kd3 Kf5 56.
Rc5 Ra3+ 57. Ke2 Kg4 58. Nxe5+ Kg3 59. Nd3 Ra2+ 60. Ke1 f3 61. Rg5+ Kh4 62. Rg8 Kh3 63. Kf1 Kh4 64. Ne5 Kh5 65. Nxf3 Ra5 66. Kf2 Kh6 67. Kg3 Ra6 68. Rh8+ Kg7 69. Rb8 Rg6+ 70. Kf4 Rf6+ 71. Ke4 Re6+ 72. Ne5 Ra6 73. Rb7+ Kg8 74. Kf5 Ra1 75. Ng4 Kf8 76. Ne5 Ra6 77. Ng6+ Kg8 78.
Nf4 Ra1 79. Nd5 Rf1+ 80. Ke6 Kf8 81. Kd6 Rd1 82. Rb8+ Kf7 83. Rb2 Rf1 84. Ke5 Re1+ 85.
Kf5 Rf1+ 86. Nf4 Ke7 87. Re2+ Kd6 88. Rd2+ Kc5 89. Ke5 Re1+ 90. Kf5 Kb5 91. Nd3 Re8 92. Rb2+ Kc4 93. Ne5+ Kc3 94. Rb7 Rh8 95. Ke4 Kc2 96.
Rc7+ Kb3 97. Nf3 Re8+ 98. Kd3 Rd8+ 99. Nd4+ Kb4 100. Rc4+ Ka5 101. Rc1 Kb6 102. Rb1+ Kc7 103. Kc4 Rh8 104. Rg1 Rh4 105. Rg7+ Kd6 106. Rg5 Rh1 107. Rd5+ Kc7 108. Nb5+ Kb6 109. Rd6+ Kb7 110. Nd4 Rc1+ 111. Kd5 Rb1 112. Rd7+ Kc8 113. Rg7 Rd1 114. Kc5 Rc1+ 115. Kd6 1/2-1/2

[Event "*** Titled Tuesday Blitz"]
[Site "Chess.com"]
[Date "2021.02.16"]
[Round "8"]
[White "Oglob71"]
[Black "Arseniy_Nesterov"]
[Result "1-0"]
[WhiteElo "2442"]
[BlackElo "2773"]
[TimeControl "180+1"]
[EndTime "11:34:47 PST"]
[Termination "Oglob71 won by checkmate"]

1. d4 Nf6 2. Nf3 e6 3. c4 b6 4. Bf4 Bb7 5. e3 d6 6. h3 g6 7. Nc3 Bg7 8. Be2 O-O 9. Qc2 Nbd7 10. O-O Qe7 11. Bh2 a6 12. Rfd1 Rad8 13. Rac1 e5 14. Nd5 Nxd5 15. cxd5 Rc8 16. dxe5 Nxe5 17. Nxe5 Bxe5 18.
Bxe5 Qxe5 19. Bf3 Rfe8 20. Qc3 Qe7 21. Rd4 Qg5 22. h4 Qf6 23. Rc4 Qxc3 24. R4xc3 Re7 25. b4 Kf8 26. g4 Ke8 27. Kg2 Kd8 28. Kg3 Ra8 29. a4 Bc8 30. Bg2 Ra7 31. f4 Bd7 32. Ra1 Kc8 33. e4 f6 34. g5 f5 35.
Re3 fxe4 36. Rxe4 Kd8 37. Rxe7 Kxe7 38. Be4 Ra8 39. a5 bxa5 40. Rxa5 Rb8 41. Rxa6 Rxb4 42. Bf3 Rb3 43. Kf2 Bf5 44. Ra7 Kd7 45. Ra8 Rb2+ 46. Ke3 Rb3+ 47. Kf2 Rb4 48. Rh8 Rxf4 49. Rxh7+ Kc8 50.
Ke3 Rb4 51. h5 gxh5 52. Rh8+ Kb7 53. Bxh5 Rh4 54. Rh6 Kb6 55. Kf3 Kc5 56. Kg3 Rh1 57.
Bf7 Rg1+ 58. Kf4 Bc2 59. Be6 Rf1+ 60. Ke3 Rg1 61. Kf4 Rf1+ 62. Ke3 Re1+ 63. Kd2 Rg1 64. Kxc2 Rxg5 65. Kd3 c6 66. dxc6 Kxc6 67. Bc4 Rg3+ 68. Kd4 Rg4+ 69. Kc3 Kc5 70. Bd3 d5 71. Rh8 Rf4 72. Rc8+ Kd6 73. Kd2 Ke5 74. Ke3 Rh4 75. Re8+ Kd6 76. Rg8 Ke5 77. Rg5+ Kd6 78. Be2 Re4+ 79. Kd3 Rf4 80. Kd2 Kc5 81. Bd3 Kd4 82.
Be2 Kc5 83. Ke3 Re4+ 84. Kd3 Rd4+ 85. Ke3 Re4+ 86. Kf2 Rf4+ 87. Bf3 Rd4 88. Ke3 Kc4 89. Rg8 Rd3+ 90. Ke2 Ra3 91. Rc8+ Kd4 92. Rd8 Ra5 93.
Kf2 Ke5 94. Kg3 Rc5 95. Kg4 Ra5 96. Re8+ Kd4 97. Kf4 Rc5 98. Rd8 Ra5 99. Kf5 Rb5 100. Ke6 Rb6+ 101. Kf5 Rb5 102. Rd6 Ra5 103. Ke6 Ke3 104. Bxd5 Kf4 105. Bc6 Re5+ 106. Kd7 Re3 107. Rd4+ Kg3 108. Kd6 Kf2 109. Kc5 Re2 110. Rf4+ Ke3 111. Rf6 Kd2 112. Kd5 Ke3 113. Bb5 Rb2 114. Bc4 Rd2+ 115. Ke5 Rf2 116. Rh6 Rf3 117. Bd5 Rg3 118. Kf5 Rg1 119. Rh3+ Kd4 120. Ke6 Re1+ 121. Kd6 Re3 122. Rh4+ Kd3 123. Kc5 Kc3 124. Ra4 Kd3 125. Bc4+ Kc3 126. Ra3+ Kd2 127. Ra2+ Kc3 128. Kd5 Kb4 129. Rb2+ Ka4 130. Kc5 Rg3 131. Bd5 Rc3+ 132. Kd4 Rg3 133. Be4 Ka3 134. Rb6 Rg4 135. Kd5 Ka4 136. Rb1 Ka3 137. Kd4 Ka4 138. Rb6 Ka3 139. Rb8 Ka4 140. Kd3 Ka5 141. Kd4 Ka6 142. Rb2 Ka5 143. Ke5 Ka4 144. Bd5 Rh4 145. Kd6 Ka3 146. Rb3+ Ka4 147. Rb8 Rg4 148. Kc5 Ka3 149. Rb3+ Ka4 150. Rb1 Rh4 151. Ra1# 1-0

[Event "*** Titled Tuesday Blitz"]
[Site "Chess.com"]
[Date "2021.02.16"]
[Round "9"]
[White "Skatchkov_V"]
[Black "Witik"]
[Result "0-1"]
[WhiteElo "2552"]
[BlackElo "2782"]
[TimeControl "180+1"]
[EndTime "11:42:27 PST"]
[Termination "Witik won by resignation"]

1. d4 d5 2. c4 e6 3. Nf3 c6 4. Nc3 dxc4 5. e3 b5 6. a4 Bb4 7. Bd2 a5 8. axb5 Bxc3 9. b3 Bxa1 10.
Qxa1 cxb5 11. bxc4 bxc4 12. Bxc4 Nf6 13. O-O O-O 14. Ne5 Ba6 0-1

[Event "*** Titled Tuesday Blitz"]
[Site "Chess.com"]
[Date "2021.02.16"]
[Round "9"]
[White "Nachsueb"]
[Black "rugbyclub"]
[Result "1-0"]
[WhiteElo "2185"]
[BlackElo "2280"]
[TimeControl "180+1"]
[EndTime "11:42:30 PST"]
[Termination "Nachsueb won by resignation"]

1. d4 d5 2. c4 e6 3. Nc3 a6 4. Nf3 dxc4 5. a4 c5 6. e3 cxd4 7. exd4 Qc7 8. Ne5 Nc6 9. Nxc4 Nf6 10. Be2 Bb4 11. O-O O-O 12. Bg5 Be7 13. Bh4 Rd8 14. Bg3 Qd7 15. Nb6 1-0

[Event "*** Titled Tuesday Blitz"]
[Site "Chess.com"]
[Date "2021.02.16"]
[Round "9"]
[White "chescomhuynya"]
[Black "Alexander_Zubov"]
[Result "0-1"]
[WhiteElo "2590"]
[BlackElo "2977"]
[TimeControl "180+1"]
[EndTime "11:42:44 PST"]
[Termination "Alexander_Zubov won by resignation"]

1. d4 d5 2. c4 e6 3. Nf3 Nf6 4. g3 dxc4 5. Bg2 Nc6 6. Qa4 Bb4+ 7. Bd2 Bd6 8. Na3 Bxa3 9. bxa3 Qd5 10. O-O b5 11.
Qc2 Bb7 12. e3 O-O 13. Rab1 a6 14. Ne5 Qxg2+ 15. Kxg2 Nxd4+ 0-1

[Event "*** Titled Tuesday Blitz"]
[Site "Chess.com"]
[Date "2021.02.16"]
[Round "9"]
[White "jacky72"]
[Black "MasterKroket"]
[Result "1-0"]
[WhiteElo "2688"]
[BlackElo "2510"]
[TimeControl "180+1"]
[EndTime "11:43:27 PST"]
[Termination "jacky72 won by resignation"]

1. d4 Nf6 2. c4 e6 3. Nf3 d5 4.
Nc3 Be7 5. cxd5 exd5 6. Bg5 O-O 7.
Qc2 Nbd7 8. e3 c6 9. Bd3 Re8 10. h3 Nf8 11. O-O-O g6 12. Ne5 Ne6 13. Bh4 Nd7 14.
Bxe7 Qxe7 15. f4 Ng7 16. Rde1 f6 17. Nf3 Nb6 18. g4 Qd6 19. Kb1 Nc4 20. Bxc4 dxc4 21. g5 Bf5 22. e4 Qd7 1-0

[Event "*** Titled Tuesday Blitz"]
[Site "Chess.com"]
[Date "2021.02.16"]
[Round "9"]
[White "Yaacovn"]
[Black "Maddie"]
[Result "1-0"]
[WhiteElo "2713"]
[BlackElo "2037"]
[TimeControl "180+1"]
[EndTime "11:43:28 PST"]
[Termination "Yaacovn won by resignation"]

1. d4 d5 2. e3 Bf5 3. Bd3 Bxd3 4. cxd3 c6 5. Nf3 Nf6 6. O-O e6 7. Nc3 Be7 8. e4 dxe4 9. dxe4 O-O 10. Qe2 Nbd7 11.
Rd1 Qb6 12. Be3 c5 13. d5 exd5 14. e5 Ng4 15. Nxd5 Qd8 16. Bf4 Re8 17. e6 fxe6 18.
Qxe6+ Kh8 19. Qxg4 Nf6 20. Nxf6 Bxf6 21. Rxd8 1-0

[Event "*** Titled Tuesday Blitz"]
[Site "Chess.com"]
[Date "2021.02.16"]
[Round "9"]
[White "The_filthy"]
[Black "anskam"]
[Result "1-0"]
[WhiteElo "2333"]
[BlackElo "1760"]
[TimeControl "180+1"]
[EndTime "11:43:35 PST"]
[Termination "The_filthy won by resignation"]

1. e4 c5 2. d4 cxd4 3. c3 dxc3 4. Nxc3 d6 5. Nf3 Nc6 6. Bc4 Nf6 7. h3 e6 8. O-O Be7 9. Qe2 O-O 10. Rd1 Bd7 11.
Bf4 e5 12. Bg5 a6 13. Bxf6 Bxf6 14. Rxd6 Qc7 15. Rad1 Nd4 16. Nxd4 Qxd6 17. Ne6 Qc7 18. Nxc7 1-0

[Event "*** Titled Tuesday Blitz"]
[Site "Chess.com"]
[Date "2021.02.16"]
[Round "9"]
[White "Mihnea2017"]
[Black "Ginger_GM"]
[Result "0-1"]
[WhiteElo "2471"]
[BlackElo "2643"]
[TimeControl "180+1"]
[EndTime "11:43:40 PST"]
[Termination "Ginger_GM won by resignation"]

1. e4 e5 2. Nf3 Nc6 3. Bc4 Nf6 4. d3 h6 5. O-O g5 6. c3 g4 7. Nh4 Nxe4 8. Qxg4 d5 9. Qe2 Qxh4 10. Bxd5 Nf6 11. Nd2 Nxd5 0-1

[Event "*** Titled Tuesday Blitz"]
[Site "Chess.com"]
[Date "2021.02.16"]
[Round "9"]
[White "GadimbayliA"]
[Black "SilviusTiberius"]
[Result "1-0"]
[WhiteElo "2832"]
[BlackElo "2582"]
[TimeControl "180+1"]
[EndTime "11:43:58 PST"]
[Termination "GadimbayliA won by resignation"]

1. e4 e5 2. Nf3 Nc6 3. Nc3 Nf6 4. d4 exd4 5. Nxd4 Bb4 6. Nxc6 bxc6 7. Bd3 d5 8. exd5 O-O 9. O-O cxd5 10. Bg5 c6 11. Qf3 h6 12. Bxf6 Qxf6 13. Qxf6 gxf6 14. Ne2 Bd7 15.
Ng3 Rfe8 16. Rad1 Re5 17. f4 Bc5+ 18. Kh1 Ree8 19. Nh5 Be7 20. h3 Rab8 21. b3 Bd8 22. Rde1 Rxe1 23. Rxe1 Kf8 24. g4 Be7 25. Kg2 Bb4 26. Nxf6 Be6 27. Rxe6 1-0

[Event "*** Titled Tuesday Blitz"]
[Site "Chess.com"]
[Date "2021.02.16"]
[Round "9"]
[White "Hercog"]
[Black "MaevskiyNikolay"]
[Result "0-1"]
[WhiteElo "2362"]
[BlackElo "2526"]
[TimeControl "180+1"]
[EndTime "11:44:06 PST"]
[Termination "MaevskiyNikolay won by resignation"]

1. d4 d5 2. c4 Nc6 3. Nf3 Bg4 4.
cxd5 Bxf3 5. gxf3 Qxd5 6. e3 e5 7. Nc3 Bb4 8. dxe5 Qxd1+ 9. Kxd1 Bxc3 10. bxc3 O-O-O+ 11. Kc2 Nxe5 12. Be2 Ne7 13. f4 Nd7 14. Rg1 g6 15. c4 Rhe8 16. Bb2 Nc5 17. Bd4 Ne4 18.
f3 c5 19. Be5 Rd2+ 20. Kb3 Rxe2 21. fxe4 Rxe3+ 22. Kb2 Rxe4 0-1

[Event "*** Titled Tuesday Blitz"]
[Site "Chess.com"]
[Date "2021.02.16"]
[Round "9"]
[White "PavelChernomordik"]
[Black "paulrusan"]
[Result "1-0"]
[WhiteElo "2398"]
[BlackElo "2262"]
[TimeControl "180+1"]
[EndTime "11:44:06 PST"]
[Termination "PavelChernomordik won by resignation"]

1. e4 c5 2. Nc3 e6 3. f4 a6 4. g3 b5 5. Bg2 Bb7 6. Qe2 d6 7. d3 Qc7 8. Nf3 Nd7 9. O-O Ngf6 10. f5 Be7 11. fxe6 fxe6 12. Ng5 Nf8 13. e5 dxe5 14. Bxb7 Qxb7 15. Qxe5 Qc6 16. Nce4 N8d7 17. Qxe6 Rc8 18. Qf7+ Kd8 19. Ne6+ Qxe6 20. Qxe6 1-0

[Event "*** Titled Tuesday Blitz"]
[Site "Chess.com"]
[Date "2021.02.16"]
[Round "9"]
[White "jaramsdal"]
[Black "AntonovaNadezhda"]
[Result "0-1"]
[WhiteElo "2277"]
[BlackElo "2166"]
[TimeControl "180+1"]
[EndTime "11:44:08 PST"]
[Termination "AntonovaNadezhda won by resignation"]

1. e4 c5 2. Nf3 d6 3. a3 Nf6 4. b4 cxb4 5. Bb5+ Nbd7 6. Qe2 bxa3 7.
Bxa3 a6 8. Bc4 e6 9. d4 Be7 10.
O-O O-O 11. Nc3 b5 12. Ba2 Bb7 13. Rab1 Qc7 14. e5 Qxc3 15. Bb4 Qc7 16. exf6 Nxf6 17. c4 bxc4 18. Bxc4 Bxf3 19. Qxf3 0-1

[Event "*** Titled Tuesday Blitz"]
[Site "Chess.com"]
[Date "2021.02.16"]
[Round "9"]
[White "Chesseyat004"]
[Black "Spalir"]
[Result "0-1"]
[WhiteElo "2499"]
[BlackElo "2675"]
[TimeControl "180+1"]
[EndTime "11:44:11 PST"]
[Termination "Spalir won by resignation"]

1. e4 c5 2. Nf3 d6 3. d4 cxd4 4.
Nxd4 Nf6 5. Nc3 a6 6. Be2 e5 7.
Nb3 Be6 8. Be3 Be7 9. h4 Nc6 10.
g4 d5 11. g5 Nxe4 12. Nxe4 dxe4 13. Nc5 Bxc5 14. Bxc5 Qa5+ 15. b4 Nxb4 0-1

[Event "*** Titled Tuesday Blitz"]
[Site "Chess.com"]
[Date "2021.02.16"]
[Round "9"]
[White "Pintacara"]
[Black "Buffy7"]
[Result "0-1"]
[WhiteElo "2492"]
[BlackElo "2639"]
[TimeControl "180+1"]
[EndTime "11:44:26 PST"]
[Termination "Buffy7 won by resignation"]

1. d4 Nf6 2. Bg5 d5 3. Bxf6 exf6 4. e3 c6 5. c4 dxc4 6. Bxc4 Bd6 7. Nc3 O-O 8. Nf3 Nd7 9. O-O Nb6 10. Be2 Re8 11.
Qc2 Bg4 12. Nd2 Be6 13. Bf3 Rc8 14. Rfd1 Bb8 15. g3 Qd7 16. b4 Bf5 17. e4 Bg4 18.
Bxg4 Qxg4 19. Qd3 Rcd8 20. Nb3 h5 21. Kg2 h4 22. Qf3 h3+ 23. Kg1 Qxf3 0-1

[Event "*** Titled Tuesday Blitz"]
[Site "Chess.com"]
[Date "2021.02.16"]
[Round "9"]
[White "Fandorine"]
[Black "Margency"]
[Result "1-0"]
[WhiteElo "2847"]
[BlackElo "2682"]
[TimeControl "180+1"]
[EndTime "11:44:46 PST"]
[Termination "Fandorine won by resignation"]

1. c4 e6 2. g3 d5 3. Bg2 Nf6 4. Nf3 c5 5. O-O Be7 6. b3 O-O 7. Bb2 b6 8. e3 Nbd7 9. Nc3 Ba6 10. Qe2 Rc8 11. Rfd1 Qc7 12. Rac1 Qb8 13. d3 Bb7 14. Ne1 Rfd8 15. f4 Qa8 16. g4 d4 17.
exd4 cxd4 18. Nb5 Bxg2 19. Nxg2 Nf8 20. f5 a6 21. Na3 Bxa3 22. Bxa3 exf5 23. gxf5 Re8 24.
Qf2 N8d7 25. Bd6 Ng4 26. Qxd4 Re2 27. Qxg4 Nf6 28. Qxe2 1-0

[Event "*** Titled Tuesday Blitz"]
[Site "Chess.com"]
[Date "2021.02.16"]
[Round "9"]
[White "FMOlexandrProhorov"]
[Black "cstevens1"]
[Result "0-1"]
[WhiteElo "2126"]
[BlackElo "2608"]
[TimeControl "180+1"]
[EndTime "11:44:51 PST"]
[Termination "cstevens1 won by checkmate"]

1. e4 c5 2. c3 e6 3. d4 d5 4. exd5 exd5 5. Nf3 Nc6 6. Bb5 Nf6 7. O-O Bd6 8. Re1+ Be6 9. Ng5 O-O 10. Nxe6 fxe6 11. Rxe6 Ne4 12. Be3 Bxh2+ 13. Kxh2 Qh4+ 14. Kg1 Nxf2 15. Qe2 Qh1# 0-1

[Event "*** Titled Tuesday Blitz"]
[Site "Chess.com"]
[Date "2021.02.16"]
[Round "9"]
[White "Szparu"]
[Black "Kapitan_Bayan"]
[Result "1-0"]
[WhiteElo "2665"]
[BlackElo "2488"]
[TimeControl "180+1"]
[EndTime "11:45:00 PST"]
[Termination "Szparu won by resignation"]

1. d4 Nf6 2. Bg5 Ne4 3. h4 c5 4. d5 Qa5+ 5. Nd2 e6 6. c3 Nxd2 7. Qxd2 h6 8. Bf4 Be7 9. Nf3 exd5 10. Qxd5 Nc6 11. e3 O-O 12. Rh3 d6 13. Rg3 Be6 14. Qh5 Kh7 15. Bd3+ f5 16. Qg6+ 1-0

[Event "*** Titled Tuesday Blitz"]
[Site "Chess.com"]
[Date "2021.02.16"]
[Round "9"]
[White "AndrewMaco"]
[Black "ZEN-22"]
[Result "0-1"]
[WhiteElo "2655"]
[BlackElo "2514"]
[TimeControl "180+1"]
[EndTime "11:45:04 PST"]
[Termination "ZEN-22 won by resignation"]

1. e4 d5 2. exd5 c6 3. d4 cxd5 4. Nf3 Nc6 5. Ne5 Nf6 6. Bb5 Bd7 7. Nxd7 Qxd7 8. O-O a6 9. Be2 g6 10. c3 Bg7 11.
Nd2 O-O 12. Nf3 Ne4 13. Bd3 f5 14. Bf4 Rad8 15. Re1 h6 16. h4 Kh7 17. g3 Bf6 18. Kg2 Rh8 19. Ne5 Bxe5 20. dxe5 g5 21. hxg5 hxg5 22. Bxe4 fxe4 23. Qh5+ Kg7 24. Qxg5+ Kf7 25. Be3 Qh3+ 0-1

[Event "*** Titled Tuesday Blitz"]
[Site "Chess.com"]
[Date "2021.02.16"]
[Round "9"]
[White "alejogarcia1999"]
[Black "esapunov"]
[Result "0-1"]
[WhiteElo "2497"]
[BlackElo "2666"]
[TimeControl "180+1"]
[EndTime "11:45:07 PST"]
[Termination "esapunov won by resignation"]

1. d4 Nf6 2. c4 g6 3. Nc3 Bg7 4. e4 O-O 5. h3 d6 6. Be3 a6 7. Nf3 Nbd7 8. Be2 c5 9. d5 b5 10. cxb5 axb5 11. Bxb5 Nxe4 12. Nxe4 Qa5+ 13. Nc3 Bxc3+ 14.
bxc3 Qxb5 15. Qe2 Qxe2+ 16. Kxe2 Ba6+ 17. Kd2 Bc4 18. a4 Ra7 19. Bg5 f6 20. Bf4 Rfa8 21. Rhe1 Kf7 22. Reb1 Bxd5 23. Ne1 Rxa4 24. Rxa4 Rxa4 25. Rb2 e5 26. Be3 g5 27. f3 h5 28. Ke2 Ke6 29. Kd2 g4 30. fxg4 hxg4 31. h4 f5 32. g3 f4 33. gxf4 exf4 34. Bf2 g3 35. Bg1 f3 36. Ke3 Re4+ 0-1

[Event "*** Titled Tuesday Blitz"]
[Site "Chess.com"]
[Date "2021.02.16"]
[Round "9"]
[White "kekic76"]
[Black "lagedema"]
[Result "1/2-1/2"]
[WhiteElo "2412"]
[BlackElo "2562"]
[TimeControl "180+1"]
[EndTime "11:45:14 PST"]
[Termination "Game drawn by repetition"]

1. e4 c6 2. d4 d5 3. Nc3 dxe4 4. Nxe4 Bf5 5. Ng3 Bg6 6. h4 h6 7. Nf3 Nd7 8. h5 Bh7 9. Bd3 Bxd3 10. Qxd3 e6 11.
Bf4 Qa5+ 12. Bd2 Bb4 13. a3 Bxd2+ 14. Qxd2 Qxd2+ 15. Kxd2 Ngf6 16. c3 O-O-O 17. Kc2 c5 18. Rad1 cxd4 19. Rxd4 Rhf8 20. Rhd1 Nb8 21. Rxd8+ Rxd8 22.
Rxd8+ Kxd8 23. Ne5 Ke7 24. c4 Nbd7 25. Nxd7 Kxd7 26.
b4 Kd6 27. Kd3 Ke5 28. f3 b6 29. Ke3 a5 30. f4+ Kd6 31. Ne4+ Nxe4 32. Kxe4 axb4 33. axb4 f6 34. g4 Kc6 35. Kd4 Kd6 36. Ke4 Kc6 37.
Kd4 Kd6 38. Ke4 1/2-1/2

[Event "*** Titled Tuesday Blitz"]
[Site "Chess.com"]
[Date "2021.02.16"]
[Round "9"]
[White "milenapn"]
[Black "Dii210"]
[Result "0-1"]
[WhiteElo "2130"]
[BlackElo "2365"]
[TimeControl "180+1"]
[EndTime "11:45:14 PST"]
[Termination "Dii210 won by checkmate"]

1. e4 c5 2. Nf3 e6 3. d4 cxd4 4. Nxd4 Nc6 5. Nc3 Qc7 6. Be3 a6 7. Be2 Nf6 8. O-O Bb4 9. Nxc6 bxc6 10. Qd3 O-O 11. f4 d5 12. e5 Nd7 13. Bf3 Bb7 14. Ne2 Be7 15. g4 c5 16. c3 Rfd8 17. Ng3 a5 18.
Qe2 Ba6 19. Qg2 Bxf1 20. Rxf1 Rab8 21. Nh5 g6 22. Ng3 a4 23. h4 Bxh4 24. Kh2 Qb6 25. Rf2 d4 26. cxd4 cxd4 27. Bc1 Rdc8 28. Rf1 Bxg3+ 29.
Kxg3 d3 30. Rh1 Rc2 31. Qh3 Qf2# 0-1

[Event "*** Titled Tuesday Blitz"]
[Site "Chess.com"]
[Date "2021.02.16"]
[Round "9"]
[White "HanSchut"]
[Black "CraiggoryC"]
[Result "1-0"]
[WhiteElo "2232"]
[BlackElo "2205"]
[TimeControl "180+1"]
[EndTime "11:45:15 PST"]
[Termination "HanSchut won by checkmate"]

1. e4 e6 2. d4 d5 3. Nd2 Be7 4. Bd3 c5 5. dxc5 Nf6 6. Qe2 O-O 7. Ngf3 a5 8. h4 dxe4 9. Nxe4 Nxe4 10. Qxe4 f5 11.
Qc4 Qc7 12. Be3 Na6 13. Ng5 Nxc5 14. O-O-O Nxd3+ 15. Qxd3 f4 16. Qxh7# 1-0

[Event "*** Titled Tuesday Blitz"]
[Site "Chess.com"]
[Date "2021.02.16"]
[Round "9"]
[White "FontVella8"]
[Black "AlexTriapishko"]
[Result "0-1"]
[WhiteElo "2567"]
[BlackElo "2823"]
[TimeControl "180+1"]
[EndTime "11:45:17 PST"]
[Termination "AlexTriapishko won by resignation"]

1. d4 d5 2. c4 c6 3. Nc3 dxc4 4. a4 e5 5. e3 exd4 6. exd4 Be6 7. Nf3 Nf6 8. Ng5 Bd5 9. Nf3 Bd6 10.
Be2 O-O 11. O-O Re8 12. Re1 Na6 13. Nd2 Nb4 14. Nxc4 Bxc4 15. Bxc4 Rxe1+ 16. Qxe1 Nc2 17. Qd1 Nxa1 18. Be3 Nd5 19. Nxd5 cxd5 20. Ba2 Qc7 21. Qxa1 Bxh2+ 22. Kh1 Bf4 23. Bxd5 Re8 24. Bxf4 Qxf4 25. Bxb7 Qxf2 26. Qa3 Re1+ 27. Kh2 Qf4+ 0-1

[Event "*** Titled Tuesday Blitz"]
[Site "Chess.com"]
[Date "2021.02.16"]
[Round "9"]
[White "Artyom_ChessMate"]
[Black "monalize"]
[Result "0-1"]
[WhiteElo "2537"]
[BlackElo "2401"]
[TimeControl "180+1"]
[EndTime "11:45:27 PST"]
[Termination "monalize won by resignation"]

1. e4 c5 2. Nc3 a6 3. g3 b5 4.
Bg2 Bb7 5. d3 e6 6. Nh3 Nf6 7.
O-O Qc7 8. f4 d6 9. Be3 Nc6 10.
f5 Ne5 11. fxe6 fxe6 12. Ng5 Bc8 13. Qd2 h6 14. Nf3 Nxf3+ 15. Bxf3 Bb7 16. Rae1 e5 17. Qe2 Qf7 18. Nd5 Bxd5 19. exd5 Be7 20. Be4 O-O 21. c4 Rab8 22. Bf5 Kh8 23. Be6 Qg6 24. b3 Nh7 25. Rf7 Rxf7 0-1

[Event "*** Titled Tuesday Blitz"]
[Site "Chess.com"]
[Date "2021.02.16"]
[Round "9"]
[White "Balla_Tamas"]
[Black "Chesswizard_2007"]
[Result "0-1"]
[WhiteElo "2448"]
[BlackElo "2699"]
[TimeControl "180+1"]
[EndTime "11:45:33 PST"]
[Termination "Chesswizard_2007 won by resignation"]

1. b3 f5 2. Bb2 Nf6 3. f4 e6 4. Nf3 Be7 5. g3 b6 6. Bg2 Bb7 7. O-O O-O 8. e3 c5 9. d3 Nc6 10. Qe2 d5 11. Nbd2 Qc7 12. Ne5 Nxe5 13. Bxe5 Bd6 14. Nf3 Bxe5 15. Nxe5 Nd7 16. Nxd7 Qxd7 17.
d4 a5 18. Rfd1 c4 19. bxc4 Ba6 20. c3 Bxc4 21. Qb2 b5 22. Bf1 Rac8 23. a4 bxa4 24. Bxc4 Rxc4 25. Ra3 Rfc8 26. Rda1 Qc6 27. Kf2 h6 28. Ke2 g5 29. Kd2 g4 30. Rb1 Qe8 31. Kd3 Kg7 32. Qb5 Qe7 33. Rba1 Qc7 34. Rc1 Rb8 35. Qa6 Rc6 0-1

[Event "*** Titled Tuesday Blitz"]
[Site "Chess.com"]
[Date "2021.02.16"]
[Round "9"]
[White "SanchezKelvin"]
[Black "szefru"]
[Result "1-0"]
[WhiteElo "2397"]
[BlackElo "2253"]
[TimeControl "180+1"]
[EndTime "11:45:38 PST"]
[Termination "SanchezKelvin won by checkmate"]

1. d4 d5 2. c4 c6 3. Nf3 Nf6 4. Nc3 e6 5. Bg5 Nbd7 6. e3 a6 7. Qc2 Be7 8. h4 O-O 9. O-O-O Qa5 10. Bxf6 Nxf6 11. Ne5 Nd7 12. Bd3 f5 13. f4 Nxe5 14. fxe5 dxc4 15. Bxc4 b5 16. Bb3 c5 17. dxc5 Bxc5 18. e4 Be3+ 19. Kb1 f4 20. Rd6 Re8 21. Qe2 Bc5 22. Rc6 Bd4 23. Qh5 Bd7 24. Rd6 Bxc3 25. Rxd7 Bb4 26. Qf7+ Kh8 27. Qxg7# 1-0

[Event "*** Titled Tuesday Blitz"]
[Site "Chess.com"]
[Date "2021.02.16"]
[Round "9"]
[White "IMRosen"]
[Black "Gusarov91"]
[Result "1-0"]
[WhiteElo "2633"]
[BlackElo "2442"]
[TimeControl "180+1"]
[EndTime "11:45:42 PST"]
[Termination "IMRosen won by checkmate"]

1. d4 Nf6 2. Bf4 d6 3. Nc3 g6 4.
e4 Bg7 5. Qd2 h6 6. O-O-O g5 7.
Be3 Ng4 8. Bc4 Nxe3 9. fxe3 c6 10. h3 e6 11. Nge2 b5 12. Bd3 Qa5 13. Ng3 b4 14. Nb1 Ba6 15. Nh5 Bf8 16. a3 Bxd3 17. cxd3 Na6 18. Rhf1 Rb8 19. b3 Qb6 20. a4 Rb7 21. Rf3 Kd8 22. Rdf1 Rh7 23. Kb2 Bg7 24. Nxg7 Rxg7 25.
Rf6 h5 26. Rh6 h4 27. Rh8+ Kd7 28. Qf2 f5 29. exf5 Rf7 30. fxe6+ Kxe6 31. Rh6+ Kd5 32.
e4# 1-0